[Event "*** Titled Tuesday Blitz"]
[Site "Chess.com"]
[Date "2020.05.19"]
[Round "5"]
[White "GMStefanova"]
[Black "FairChess_on_YouTube"]
[Result "0-1"]
[WhiteElo "2624"]
[BlackElo "3019"]
[TimeControl "180+1"]
[EndTime "12:56:54 PDT"]
[Termination "FairChess_on_YouTube won by resignation"]

1. d4 Nf6 2. Nf3 e6 3. e3 b6 4. Bd3 Bb7 5. O-O c5 6. c4 g6 7.
Nc3 Bg7 8. d5 exd5 9. cxd5 O-O 10.
e4 d6 11. Bf4 Nh5 12. Bg5 Bf6 13. Qd2 Nd7 14. Rae1 Ne5 15. Bh6 Nxf3+ 16. gxf3 Bc8 17. Kh1 Rb8 18. f4 Bg7 19. Bg5 f6 20. Bh4 Bh6 21.
Bg3 Bd7 22. Be2 Nxg3+ 23. hxg3 b5 24. Kg2 Bg7 25. Rh1 f5 26. e5 dxe5 27. fxe5 b4 28.
Nd1 Bxe5 29. Qh6 Rf7 30. Bc4 Bd6 31. Rh2 Qf8 32. Qd2 f4 33. b3 Re8 34. Rxe8 Qxe8 35.
Nb2 fxg3 36. fxg3 Qe4+ 37. Kg1 Bxg3 38. Rg2 Bd6 39. Nd3 Bh3 0-1

[Event "*** Titled Tuesday Blitz"]
[Site "Chess.com"]
[Date "2020.05.19"]
[Round "5"]
[White "dianosky"]
[Black "PIwan"]
[Result "1-0"]
[WhiteElo "2376"]
[BlackElo "2498"]
[TimeControl "180+1"]
[EndTime "12:56:55 PDT"]
[Termination "dianosky won by checkmate"]

1. d4 e6 2. c4 f5 3. Nc3 Nf6 4. Bg5 Be7 5. Qc2 O-O 6. e3 d5 7.
Bxf6 Bxf6 8. cxd5 exd5 9. Nxd5 Nc6 10. Nf3 f4 11. Bd3 Bg4 12. Bxh7+ Kh8 13. Nxf4 Bxf3 14.
gxf3 Re8 15. Bg6 Nxd4 16. Qc5 Re5 17. Qc4 Nxf3+ 18. Ke2 b5 19. Qc1 Nh4 20. Qg1 Rg5 21. Rd1 Qc8 22. Be4 Rxg1 23. Rhxg1 Be5 24. h3 Bxf4 25.
Rg4 g5 26. exf4 Qe6 27. f3 Re8 28. fxg5 Ng6 29. Kf2 Ne5 30. Rh4+ Kg7 31. Rh6 Qc4 32. Rd2 Qc5+ 33. Kg3 Re7 34. Rd8 Nf7 35. Rh7# 1-0

[Event "*** Titled Tuesday Blitz"]
[Site "Chess.com"]
[Date "2020.05.19"]
[Round "5"]
[White "froylanajedrez"]
[Black "nabukatnezarr"]
[Result "0-1"]
[WhiteElo "2348"]
[BlackElo "2511"]
[TimeControl "180+1"]
[EndTime "12:56:55 PDT"]
[Termination "nabukatnezarr won by resignation"]

1. d4 d6 2. Nf3 Bg4 3. Nbd2 e6 4. g3 d5 5. Bg2 Bd6 6. O-O f5 7. c4 c6 8. b3 Nd7 9. Bb2 Qf6 10. Rc1 Ne7 11.
Qc2 g5 12. Rfe1 h5 13. Ne5 h4 14. e4 hxg3 15. fxg3 Nxe5 16. dxe5 Bc5+ 17. Kf1 Qf7 18. exd5 Rxh2 19. b4 f4 20. Nf3 Bxf3 21. bxc5 Rxg2 22. Qxg2 Bxg2+ 23. Kxg2 fxg3 24. Rf1 Qh5 25. d6 Qh2+ 26. Kf3 Qxb2 27. Kxg3 Nf5+ 28. Kg4 Ne3+ 29. Kxg5 Nxf1 30. Rxf1 Qg2+ 31. Kf6 Qxf1+ 32. Kg5 Qf5+ 33. Kh4 Qg6 34. a4 Kd7 0-1

[Event "*** Titled Tuesday Blitz"]
[Site "Chess.com"]
[Date "2020.05.19"]
[Round "5"]
[White "Stronger1799"]
[Black "BernardoRoselli"]
[Result "0-1"]
[WhiteElo "2300"]
[BlackElo "2456"]
[TimeControl "180+1"]
[EndTime "12:56:55 PDT"]
[Termination "BernardoRoselli won by resignation"]

1. e4 c5 2. Nf3 e6 3. d4 cxd4 4. Nxd4 Nf6 5. Nc3 Nc6 6. Ndb5 Bb4 7. a3 Bxc3+ 8. Nxc3 d5 9. exd5 exd5 10. Bd3 O-O 11. O-O d4 12. Ne2 Re8 13. h3 h6 14. Ng3 Qd5 15.
b4 Be6 16. Bb2 Rad8 17. Qd2 Ne5 18. Rad1 Bxh3 19. f3 Bd7 20. Be2 Nc4 21. Qxd4 Qxd4+ 22. Bxd4 Ne3 23. Bxe3 Rxe3 24. Bd3 Rde8 25. Kf2 R3e5 26.
Rfe1 h5 27. Rxe5 Rxe5 28. c4 h4 29. Ne4 Nh5 30. Nc5 Bc6 31. Be4 Bxe4 32. Rd8+ Kh7 33.
Nxe4 Nf4 34. Rd7 f5 35. Ng5+ Kg6 36. Nf7 Re2+ 37. Kf1 Rxg2 38. Rxb7 Rc2 39. Ne5+ Kf6 40. Nd7+ Kg5 41. Nc5 g6 42. Rh7 h3 43. Nd7 Rxc4 44.
Ne5 Rc1+ 45. Kf2 Rc2+ 46. Ke3 Re2+ 47. Kd4 h2 48. Nf7+ Kf6 49. Nd6 Nh5 50. Ne8+ Rxe8 0-1

[Event "*** Titled Tuesday Blitz"]
[Site "Chess.com"]
[Date "2020.05.19"]
[Round "5"]
[White "pedro_nascimento85"]
[Black "m-garcett"]
[Result "0-1"]
[WhiteElo "1726"]
[BlackElo "2105"]
[TimeControl "180+1"]
[EndTime "12:56:55 PDT"]
[Termination "m-garcett won on time"]

1. d4 Nf6 2. c4 g6 3. Nc3 Bg7 4. e4 d6 5. Be2 O-O 6. Nf3 e5 7. d5 a5 8. Bg5 h6 9. Bh4 g5 10. Bg3 Nh5 11. Nd2 Nf4 12. O-O Na6 13. a3 Bd7 14. b3 b6 15. Rb1 Nc5 16. b4 axb4 17. axb4 Na4 18. Nxa4 Rxa4 19. f3 Ra2 20. Bf2 Qa8 21.
c5 Ba4 22. Qe1 Bc2 23. Rc1 bxc5 24. bxc5 Rb8 25. g3 Nh3+ 26. Kg2 Nxf2 27. Rxf2 Ba4 28. cxd6 cxd6 29. Nc4 Bb5 30. Nxd6 Bxe2 31. Rxe2 Qa3 32.
Rxa2 Qxa2+ 0-1

[Event "*** Titled Tuesday Blitz"]
[Site "Chess.com"]
[Date "2020.05.19"]
[Round "5"]
[White "RianKapriaga"]
[Black "Hasangatin_Ramil"]
[Result "0-1"]
[WhiteElo "2219"]
[BlackElo "2588"]
[TimeControl "180+1"]
[EndTime "12:56:56 PDT"]
[Termination "Hasangatin_Ramil won on time"]

1. d4 d6 2. Nf3 Bg4 3. c4 Bxf3 4. exf3 c6 5. Nc3 g6 6. Be3 Bg7 7. Qd2 Nf6 8. Bd3 O-O 9. O-O d5 10. Rfe1 e6 11. b4 dxc4 12. Bxc4 Nd5 13. b5 Nxe3 14.
fxe3 c5 15. Red1 cxd4 16. exd4 Nd7 17. Rac1 Nb6 18. Bb3 Rc8 19. a4 Qh4 20. a5 Nc4 21. Bxc4 Rxc4 22. Ne2 Rxc1 23. Qxc1 Qe7 24. Qc5 Qd7 25.
d5 exd5 26. Qxd5 Qc7 27. h3 Re8 28. Nd4 Qxa5 29. Kh2 Qc7+ 30. Kh1 Rd8 31. Qe4 Qd7 32. b6 axb6 33. h4 h5 0-1

[Event "*** Titled Tuesday Blitz"]
[Site "Chess.com"]
[Date "2020.05.19"]
[Round "5"]
[White "IMRosen"]
[Black "BillieKimbah"]
[Result "0-1"]
[WhiteElo "2598"]
[BlackElo "2855"]
[TimeControl "180+1"]
[EndTime "12:56:57 PDT"]
[Termination "BillieKimbah won on time"]

1. d4 Nf6 2. Bf4 g6 3. Nc3 Bg7 4. e4 d6 5. Qd2 c6 6. O-O-O b5 7. f3 Qa5 8. Kb1 Nbd7 9. Bh6 Bxh6 10.
Qxh6 Bb7 11. Nh3 b4 12. Ne2 Qh5 13. Qd2 a5 14. Nhf4 Qh6 15. h4 Nb6 16. Nc1 Nh5 17.
Nxh5 Qxd2 18. Ng7+ Kf8 19. Ne6+ fxe6 20. Rxd2 Kf7 21. h5 g5 22. h6 Ba6 23. Bxa6 Rxa6 24. Nd3 Nc4 25. Re2 Rb6 26. Rh5 Rg8 27. Nf2 a4 28. Nh3 Rb5 29. e5 dxe5 30. Nxg5+ Kg6 31. g4 b3 32. cxb3 axb3 33. a3 e4 34. f4 e3 0-1

[Event "*** Titled Tuesday Blitz"]
[Site "Chess.com"]
[Date "2020.05.19"]
[Round "5"]
[White "NIGWAPO"]
[Black "Sychev_Klementy"]
[Result "0-1"]
[WhiteElo "2565"]
[BlackElo "2830"]
[TimeControl "180+1"]
[EndTime "12:56:57 PDT"]
[Termination "Sychev_Klementy won by resignation"]

1. e4 e5 2. Nf3 Nc6 3. Bb5 a6 4. Ba4 Nf6 5. O-O b5 6. Bb3 Bc5 7. d3 d6 8. h3 Na5 9. Be3 Nxb3 10. axb3 Qe7 11. Nc3 O-O 12. Nxb5 Bxh3 13. gxh3 axb5 14.
Rxa8 Rxa8 15. Bxc5 dxc5 16. Qd2 Nh5 17. Qg5 Qxg5+ 18.
Nxg5 Nf4 19. h4 Ra2 20. Rb1 Ne2+ 21. Kg2 Nd4 22. Nf3 Nxc2 23. Nxe5 Nd4 24. b4 cxb4 25. Rc1 f6 26. Nc6 Ne2 27. Rc2 Nf4+ 28. Kf3 Nxd3 29.
Ke3 Nxb2 30. Nxb4 Nd1+ 31. Ke2 Rxc2+ 32. Nxc2 Nc3+ 33. Kd3 Na4 34. Nd4 Nc5+ 35. Kc2 Nxe4 36. Nxb5 Nxf2 37. Nxc7 Kf7 38. Kd2 Ne4+ 39. Ke3 Nc5 40. Nd5 Ne6 41. Kf3 h5 42. Ne3 g5 43.
hxg5 fxg5 44. Nf5 Kg6 45. Ne7+ Kf6 46. Nd5+ Ke5 47. Ne3 Nd4+ 48. Kg2 Nf5 49. Nc4+ Kf4 50. Nd2 g4 51. Kh2 h4 52. Nf1 Nd4 53. Kh1 Nf3 54.
Kg2 Ne5 55. Kh2 Nc4 56. Nd2 Nxd2 0-1

[Event "*** Titled Tuesday Blitz"]
[Site "Chess.com"]
[Date "2020.05.19"]
[Round "5"]
[White "Benjoneliere44"]
[Black "Xeniya2005"]
[Result "1-0"]
[WhiteElo "2484"]
[BlackElo "2282"]
[TimeControl "180+1"]
[EndTime "12:56:57 PDT"]
[Termination "Benjoneliere44 won by checkmate"]

1. d4 Nf6 2. c4 b6 3. f3 Nc6 4.
e4 e5 5. d5 Nd4 6. Ne2 c5 7.
Nxd4 cxd4 8. Bd3 Bb4+ 9. Kf2 a5 10. Rf1 O-O 11. Kg1 a4 12. Bg5 h6 13. Bh4 Be7 14.
Nd2 d6 15. h3 Nd7 16. Bxe7 Qxe7 17. f4 Nc5 18. Qe2 Ba6 19. fxe5 dxe5 20. Rf3 Rac8 21.
Raf1 Qd7 22. Rg3 Nxd3 23. Qxd3 Kh8 24. b3 axb3 25. axb3 b5 26. Qe2 bxc4 27. bxc4 Rc7 28. Rf5 Qd6 29. Qh5 Qe7 30. Nf3 Rxc4 31. Nxe5 Rc7 32.
Kh2 d3 33. Qg4 g6 34. Nxg6+ fxg6 35. Qxg6 Rxf5 36. Qg8# 1-0

[Event "*** Titled Tuesday Blitz"]
[Site "Chess.com"]
[Date "2020.05.19"]
[Round "5"]
[White "ValeriyGrinev"]
[Black "zmeeed67"]
[Result "0-1"]
[WhiteElo "2538"]
[BlackElo "2410"]
[TimeControl "180+1"]
[EndTime "12:56:58 PDT"]
[Termination "zmeeed67 won by checkmate"]

1. c4 c6 2. e4 d5 3. exd5 cxd5 4. d4 Nf6 5. Nc3 Nc6 6. Nf3 e6 7. c5 Bd7 8. Rb1 b6 9. b4 bxc5 10. dxc5 a6 11. a4 Nxb4 12. Rxb4 Bxc5 13. Rh4 Qb6 14. Qd2 Rc8 15. Bd3 Bb4 16. Bb2 d4 17. Rxd4 Nd5 18.
Rxb4 Nxb4 19. Be2 O-O 20. O-O Rfd8 21. Qg5 f6 22. Qg3 e5 23. Ne4 Nd5 24. Ba1 Be6 25. Rd1 Nf4 26. Rxd8+ Rxd8 27. Bf1 Rd1 28. Nxf6+ Kh8 29.
Nd4 Rxf1+ 30. Kxf1 Qb1# 0-1

[Event "*** Titled Tuesday Blitz"]
[Site "Chess.com"]
[Date "2020.05.19"]
[Round "5"]
[White "karinachess1"]
[Black "Bad4life"]
[Result "1-0"]
[WhiteElo "2496"]
[BlackElo "2299"]
[TimeControl "180+1"]
[EndTime "12:56:58 PDT"]
[Termination "karinachess1 won on time"]

1. Nf3 c5 2. e4 g6 3. d4 cxd4 4. Qxd4 Nf6 5. Nc3 Nc6 6. Qa4 d6 7. e5 dxe5 8. Nxe5 Bg7 9. Nxc6 bxc6 10. Be2 O-O 11. O-O Qb6 12. Rb1 Bf5 13. Be3 Qc7 14.
Bf3 Rfc8 15. h3 h5 16. Rfd1 a5 17. Rd2 Rab8 18. Qa3 Bf8 19. b3 e5 20. Bc5 Bh6 21.
Bd6 Qd7 22. Rdd1 Bxc2 23. Bxb8 Bxd1 24. Rxd1 Qf5 25. Ba7 e4 26. Be2 g5 27. Bd4 g4 28.
hxg4 hxg4 29. Qc5 Nd5 30. Nxd5 cxd5 31. Qd6 Bf8 32. Qg3 Qg6 33. Qxg4 1-0

[Event "*** Titled Tuesday Blitz"]
[Site "Chess.com"]
[Date "2020.05.19"]
[Round "5"]
[White "Vlad_Lukiianchuk"]
[Black "manmanlai1"]
[Result "1-0"]
[WhiteElo "2518"]
[BlackElo "2356"]
[TimeControl "180+1"]
[EndTime "12:56:59 PDT"]
[Termination "Vlad_Lukiianchuk won by resignation"]

1. b3 e5 2. Bb2 Nc6 3. e3 a6 4.
Nf3 d6 5. d4 exd4 6. exd4 d5 7. Bd3 Bb4+ 8. c3 Bd6 9. O-O Nge7 10. Re1 h6 11. Ne5 Nxe5 12. dxe5 Bc5 13. Nd2 Be6 14.
Nf3 Qd7 15. Nd4 O-O 16. Qh5 Rfe8 17. h3 Bxd4 18. cxd4 Bf5 19. Be2 Bh7 20. f4 Be4 21. g4 b6 22. Rac1 a5 23. a4 Rec8 24. f5 c5 25. f6 Ng6 26. fxg7 cxd4 27. Bxd4 Rxc1 28. Rxc1 Rc8 29. Qxh6 Rxc1+ 30. Qxc1 Qe6 31. Kf2 Kxg7 32. Qg5 Kg8 33. Qf6 Qc8 34. e6 1-0

[Event "*** Titled Tuesday Blitz"]
[Site "Chess.com"]
[Date "2020.05.19"]
[Round "5"]
[White "Bastiandash"]
[Black "Ranindu2003"]
[Result "0-1"]
[WhiteElo "2194"]
[BlackElo "2461"]
[TimeControl "180+1"]
[EndTime "12:56:59 PDT"]
[Termination "Ranindu2003 won on time"]

1. d4 d5 2. Nf3 Nf6 3. c3 e6 4. Bg5 Be7 5. e3 b6 6. Bd3 Bb7 7. Nbd2 Nbd7 8. O-O h6 9. Bh4 O-O 10. Ne5 Nxe5 11. dxe5 Nd7 12. Bxe7 Qxe7 13. f4 f6 14. Qh5 fxe5 15. fxe5 Qg5 16. Qxg5 hxg5 17. Nf3 g4 18. Ng5 Nxe5 19. Bh7+ Kh8 20. Rxf8+ Rxf8 21. Nxe6 Rf6 22. Ng5 g6 23. Rf1 Rxf1+ 24. Kxf1 Kg7 25.
h4 gxh3 26. gxh3 Nf7 27. Ne6+ Kxh7 28. Nxc7 Nd6 29. Ke2 Kg7 30. Kd3 Kf6 31. Kd4 Nf5+ 32. Kd3 Ke7 0-1

[Event "*** Titled Tuesday Blitz"]
[Site "Chess.com"]
[Date "2020.05.19"]
[Round "5"]
[White "Guenplen"]
[Black "Chessmasterzt"]
[Result "0-1"]
[WhiteElo "2953"]
[BlackElo "2598"]
[TimeControl "180+1"]
[EndTime "12:57:00 PDT"]
[Termination "Chessmasterzt won by resignation"]

1. d4 Nf6 2. Bf4 c5 3. d5 g6 4.
Nc3 d6 5. e4 Bg7 6. Nf3 O-O 7.
h3 Na6 8. Bc4 Nd7 9. O-O Nc7 10.
a4 b6 11. Re1 Ba6 12. Bxa6 Nxa6 13. e5 dxe5 14. Nxe5 Nxe5 15. Bxe5 Nb4 16. Bxg7 Kxg7 17. Re5 Qd6 18. f4 Rad8 19. Qe2 e6 20. Ne4 Qe7 21. c4 Qh4 22. g3 Qxh3 23. dxe6 f6 24. e7 fxe5 25. fxe5 Rde8 26. exf8=Q+ Rxf8 27. Ra3 Nc2 28. Ng5 Qf5 29. Rd3 Nd4 30. Rxd4 cxd4 31. e6 Qxg5 32. e7 Re8 0-1

[Event "*** Titled Tuesday Blitz"]
[Site "Chess.com"]
[Date "2020.05.19"]
[Round "5"]
[White "Angel_Hranitel_37"]
[Black "Zq1"]
[Result "1/2-1/2"]
[WhiteElo "2371"]
[BlackElo "2519"]
[TimeControl "180+1"]
[EndTime "12:57:00 PDT"]
[Termination "Game drawn by agreement"]

1. d4 Nf6 2. Nf3 e6 3. g3 d5 4. Bg2 b5 5. O-O Bb7 6. a4 b4 7. Nbd2 Na6 8. Nb3 c5 9. dxc5 Nxc5 10. Nxc5 Bxc5 11. a5 a6 12. c3 bxc3 13. bxc3 O-O 14. Ne5 Qc7 15. Nd3 Bd6 16. Ba3 Rac8 17. Qb3 Bxa3 18.
Rxa3 Ne4 19. Bxe4 dxe4 20. Nf4 e3 21. f3 Rfd8 22. Ng2 Rd2 23. Re1 Bd5 24. Qb6 Qe7 25. Qb4 Qxb4 26. cxb4 Rcc2 27. Nxe3 Rb2 28. Nxd5 Rxd5 29.
Rc3 g5 30. Rc6 Rxb4 31. Rxa6 Ra4 32. Kf2 Kg7 33. Rc1 Raxa5 34. Rxa5 Rxa5 35. h4 gxh4 36. gxh4 h5 37. Rc2 Kf6 38. Kg3 Ra4 39. e4 Ra1 1/2-1/2

[Event "*** Titled Tuesday Blitz"]
[Site "Chess.com"]
[Date "2020.05.19"]
[Round "5"]
[White "Kavyev_Ruslan"]
[Black "Mimsychess"]
[Result "0-1"]
[WhiteElo "2436"]
[BlackElo "2268"]
[TimeControl "180+1"]
[EndTime "12:57:00 PDT"]
[Termination "Mimsychess won by resignation"]

1. d4 Nf6 2. c4 g6 3. Nc3 d5 4.
Bf4 Bg7 5. e3 O-O 6. Rc1 Be6 7. c5 c6 8. Bd3 Bg4 9. Qb3 b6 10. Na4 Nfd7 11. h3 e5 12. dxe5 Be6 13.
Nf3 b5 14. Nc3 Nxc5 15. Qd1 Nxd3+ 16. Qxd3 Nd7 17. Ne2 c5 18. O-O Qc7 19. b4 c4 20.
Ned4 Qb6 21. Qd2 a5 22. bxa5 Qxa5 23. Qxa5 Rxa5 24. Rb1 Rxa2 25. Rxb5 Rfa8 26. Ng5 Bxe5 27. Ngxe6 fxe6 28. Nxe6 Ra1 29. Rxd5 Rxf1+ 30. Kxf1 c3 31.
Bxe5 Nxe5 32. Nd4 Nd3 33. Ke2 Nb4 34. Rc5 Ra2+ 35. Kf3 c2 36. e4 Nd3 37. Ne2 Ra1 38. Ke3 c1=Q+ 39. Nxc1 Rxc1 40. Ra5 Nb4 41. f4 Rc7 42. g4 Nc2+ 43. Kd3 Nb4+ 44. Ke3 Rc3+ 45.
Kd4 Nc6+ 46. Kxc3 Nxa5 47. h4 Kf7 48. h5 gxh5 49. gxh5 h6 50. Kd4 Ke6 51. e5 Nc6+ 52. Ke4 Ne7 53. Kf3 Nf5 54. Kg4 Ne7 55. Kf3 Kf5 56. Ke3 Nd5+ 57. Kd4 Nxf4 58. e6 Nxe6+ 59. Ke3 Ng7 0-1

[Event "*** Titled Tuesday Blitz"]
[Site "Chess.com"]
[Date "2020.05.19"]
[Round "5"]
[White "davekoenig"]
[Black "queen_iryna"]
[Result "1-0"]
[WhiteElo "2182"]
[BlackElo "2321"]
[TimeControl "180+1"]
[EndTime "12:57:00 PDT"]
[Termination "davekoenig won by resignation"]

1. e4 d6 2. d4 Nf6 3. Nc3 g6 4. Bf4 c6 5. Qd2 b5 6. f3 Nbd7 7. O-O-O Bb7 8. Kb1 a6 9. Bd3 c5 10. dxc5 dxc5 11. Nh3 e6 12. Bh6 Bxh6 13. Qxh6 Qc7 14. Ng5 b4 15. Na4 c4 16. Be2 Qc6 17. b3 Rc8 18. Rc1 Rf8 19. Bxc4 Nc5 20. Nxc5 Qxc5 21. Nxh7 Nxh7 22. Qxh7 a5 23. Rhd1 a4 24. Bxe6 a3 25.
Bd7+ Ke7 26. c4 Qe5 27. Rc2 Rcd8 28. Rcd2 Bc8 29. Qh3 f5 30. Bxc8 Rxd2 31. Rxd2 Rxc8 32. Qh4+ Kf7 33. Qh7+ Kf6 34. Qd7 Rc5 35. Qd6+ Qxd6 36. Rxd6+ Ke5 37. Rd5+ 1-0

[Event "*** Titled Tuesday Blitz"]
[Site "Chess.com"]
[Date "2020.05.19"]
[Round "5"]
[White "mrkvoz"]
[Black "m_ezat"]
[Result "1-0"]
[WhiteElo "2811"]
[BlackElo "2557"]
[TimeControl "180+1"]
[EndTime "12:57:01 PDT"]
[Termination "mrkvoz won on time"]

1. e4 c6 2. Nc3 d5 3. d3 e5 4. Qh5 Nf6 5. Qxe5+ Be7 6. exd5 O-O 7. Qe2 Bb4 8. Qd1 Re8+ 9. Be2 Bg4 10. h3 Bh5 11.
Be3 Bxe2 12. Nxe2 Nxd5 13. Bd2 Bxc3 14. bxc3 Qe7 15. c4 Nf6 16. Be3 Nbd7 17. O-O b6 18.
Re1 Qa3 19. Qc1 Qd6 20. Ng3 c5 21. a4 Qc6 22. a5 Ne5 23. Bg5 Ng6 24. axb6 axb6 25.
Rxa8 Rxa8 26. Qb2 Re8 27. Rxe8+ Nxe8 28. Qa1 h6 29. Be3 Nh4 30. f3 Qg6 31. Bf2 Nf6 32.
Qe1 Nh5 33. Kh2 Nf4 34. Qe8+ Kh7 35. Qe4 Nfxg2 36. Qxg6+ Kxg6 37. Ne4 Kh5 38. Nd6 f5 39. Nc8 Nf4 40. Bxh4 Kxh4 41. Nxb6 Nxh3 42. Nd7 Ng5 43. Kg2 Ne6 44. Nxc5 Nxc5 45. d4 Ne6 46. c3 g5 47. c5 g4 48. c6 Nf4+ 49. Kg1 1-0

[Event "*** Titled Tuesday Blitz"]
[Site "Chess.com"]
[Date "2020.05.19"]
[Round "5"]
[White "kuban1991"]
[Black "kirillshevchenko"]
[Result "0-1"]
[WhiteElo "2746"]
[BlackElo "2938"]
[TimeControl "180+1"]
[EndTime "12:57:02 PDT"]
[Termination "kirillshevchenko won on time"]

1. Nf3 Nf6 2. g3 g6 3. Bg2 Bg7 4. O-O O-O 5. c4 d5 6. cxd5 Nxd5 7. Nc3 Nc6 8. Qb3 Nb6 9. d3 a5 10. a3 a4 11. Qc2 e5 12. Bg5 Qd7 13. Rfd1 h6 14.
Be3 Nd4 15. Bxd4 exd4 16. Ne4 Ra5 17. Rac1 c6 18. Qd2 Rb5 19. Rc5 Rxc5 20. Nxc5 Qe7 21. Rc1 Nd7 22. Nxd7 Bxd7 23. Bf1 Re8 24. Qa5 b5 25.
Qb6 Qd6 26. Nd2 f5 27. Nf3 Bf6 28. Qc5 Re6 29. Qxd6 Rxd6 30. Nd2 Kf7 31. Bg2 Ke7 32. Kf1 Re6 33. f4 Kd6 34. Nf3 c5 35. Kf2 Bc6 36. h4 h5 37. Ne1 Bd5 38. Bxd5 Kxd5 39. Nc2 Be7 40. Ne1 c4 41. Nf3 c3 42. bxc3 Bxa3 43. c4+ Kc5 0-1

[Event "*** Titled Tuesday Blitz"]
[Site "Chess.com"]
[Date "2020.05.19"]
[Round "5"]
[White "Chessmatus"]
[Black "Manukyan_Artak"]
[Result "0-1"]
[WhiteElo "2481"]
[BlackElo "2322"]
[TimeControl "180+1"]
[EndTime "12:57:02 PDT"]
[Termination "Manukyan_Artak won by resignation"]

1. e4 c6 2. d4 d5 3. e5 Bf5 4. Nf3 e6 5. Be2 Nd7 6. O-O h6 7. Nbd2 Ne7 8. Nb3 Nc8 9. a4 b6 10. a5 b5 11. Bd2 a6 12. Ne1 c5 13. dxc5 Nxc5 14. Nxc5 Bxc5 15. Bd3 Bxd3 16. Nxd3 Be7 17.
Qg4 Kf8 18. f4 h5 19. Qf3 g6 20. b3 Na7 21. Rfd1 Rc8 22. Qf2 Nc6 23. c3 Kg7 24. Be3 Qc7 25. Bb6 Qb7 26. Rab1 Nb8 27. Rbc1 Nd7 28. Bd4 b4 29. Qg3 Kf8 30. Rf1 bxc3 31. Bxc3 Qxb3 32. Ba1 Rc4 33. Rb1 Qa3 34. Rb7 Ke8 35. Rfb1 h4 36. Rb8+ Nxb8 37. Rxb8+ Kd7 38.
Rxh8 hxg3 0-1

[Event "*** Titled Tuesday Blitz"]
[Site "Chess.com"]
[Date "2020.05.19"]
[Round "5"]
[White "Savagelittlemole"]
[Black "DanielTitichoca"]
[Result "1-0"]
[WhiteElo "2525"]
[BlackElo "2338"]
[TimeControl "180+1"]
[EndTime "12:57:02 PDT"]
[Termination "Savagelittlemole won by resignation"]

1. e4 c5 2. Ne2 d6 3. g3 Nc6 4. Bg2 g6 5. O-O Bg7 6. c3 e5 7. Na3 Nge7 8. Nc2 O-O 9. d4 exd4 10. cxd4 b6 11. Be3 Ba6 12. Re1 Rc8 13. Rc1 Re8 14. b3 Qc7 15. d5 Ne5 16. Nf4 Qd7 17. Bh3 f5 18. Ne6 Nd3 19. Nxg7 Kxg7 20. Qd2 Nxc1 21.
Qxc1 Bd3 22. Bh6+ Kg8 23. Qb2 Nxd5 24. exd5 Bxc2 25. Rxe8+ Rxe8 26. Qxc2 Re1+ 27. Bf1 Qb5 28. Qc4 Qxc4 29. bxc4 b5 30. cxb5 c4 31. Bd2 Rd1 32.
Bb4 Rc1 33. Bxd6 c3 34. Ba3 Rd1 35. d6 c2 36. Kg2 Kf7 37. Bc4+ Ke8 38. Be6 Rxd6 39.
Bb3 Rd3 40. Bb2 Rd1 41. Bxc2 Rd2 42. b6 Rxc2 43. bxa7 Rc8 44. Be5 Ra8 45. Bb8 Kd7 46.
Kf3 g5 47. h4 h6 48. hxg5 hxg5 49. g4 f4 50. Ke4 Ke6 51. f3 Kf6 52. Kd5 Ke7 53. Ke5 Kd7 54. Kf5 Kc6 55. Kxg5 Kd5 56. Kxf4 1-0

[Event "*** Titled Tuesday Blitz"]
[Site "Chess.com"]
[Date "2020.05.19"]
[Round "5"]
[White "Emolas-2020"]
[Black "ChessQueen"]
[Result "0-1"]
[WhiteElo "2385"]
[BlackElo "2603"]
[TimeControl "180+1"]
[EndTime "12:57:03 PDT"]
[Termination "ChessQueen won on time"]

1. e4 c6 2. d4 d5 3. Nc3 dxe4 4. Nxe4 Nf6 5. Nxf6+ exf6 6. Nf3 Bd6 7. Be2 O-O 8.
O-O Nd7 9. Re1 Re8 10. Be3 Nf8 11. Qd2 Ng6 12. h4 h5 13. c4 Bg4 14. g3 Qc7 15. Kg2 Rad8 16. Ng1 f5 17. Nh3 f4 18. Nxf4 Bxf4 19.
Bxf4 Nxf4+ 20. gxf4 Bxe2 21. Rxe2 Rxe2 22. Qxe2 Qxf4 23.
Rd1 Qxh4 24. Rd3 Rd6 25. Rg3 Qxd4 26. Qe8+ Kh7 27. Qxf7 Qe4+ 28. Kh2 Qe5 29. Kg2 h4 30. Rg4 Rh6 31. Kh3 b5 32. cxb5 cxb5 33. Qxa7 Qxb2 0-1

[Event "*** Titled Tuesday Blitz"]
[Site "Chess.com"]
[Date "2020.05.19"]
[Round "5"]
[White "Ceejay271"]
[Black "Stormeman100100"]
[Result "0-1"]
[WhiteElo "2392"]
[BlackElo "2553"]
[TimeControl "180+1"]
[EndTime "12:57:03 PDT"]
[Termination "Stormeman100100 won by resignation"]

1. d4 Nf6 2. c4 e6 3. Nc3 Bb4 4. g3 O-O 5. Bg2 d5 6. Nf3 dxc4 7. O-O Nc6 8. Qa4 Nd5 9. Qc2 Be7 10. Rd1 Rb8 11.
e4 Ndb4 12. Qe2 Nd3 13. Be3 b5 14. d5 exd5 15. exd5 Ncb4 16. Bxa7 Ra8 17. Be3 Bb7 18.
Nxb5 Nxd5 19. Bd4 Bf6 20. b3 Re8 21. Qd2 Bxd4 22. Nfxd4 c6 23. bxc4 cxb5 24. cxd5 Ne5 25. Nc6 Qb6 26. Rac1 Nc4 27. Qb4 Rxa2 28. Rf1 Nd2 29.
Rfd1 Nf3+ 30. Kh1 Qxf2 31. Rg1 Nxg1 32. Rxg1 Rb2 33. Qc3 h6 34. h3 Re3 35. Qd4 Rxg3 36. Qxf2 Rxf2 37. d6 Rgxg2 38. Rxg2 Bxc6 39. d7 Bxg2+ 40.
Kg1 Rd2 0-1

[Event "*** Titled Tuesday Blitz"]
[Site "Chess.com"]
[Date "2020.05.19"]
[Round "5"]
[White "Lovinski"]
[Black "northridgehawk"]
[Result "1-0"]
[WhiteElo "2468"]
[BlackElo "2251"]
[TimeControl "180+1"]
[EndTime "12:57:03 PDT"]
[Termination "Lovinski won on time"]

1. Nf3 Nf6 2. g3 g6 3. Bg2 Bg7 4. d4 O-O 5. O-O d5 6. c4 dxc4 7.
Na3 c3 8. bxc3 c5 9. Re1 Nd5 10. Bb2 Qb6 11. Rb1 Qa6 12. Qb3 Rd8 13. e4 Nb6 14.
Bf1 Qa4 15. dxc5 Qxb3 16. axb3 N6d7 17. b4 Nc6 18. Nc4 Nde5 19. Nfxe5 Nxe5 20. Nxe5 Bxe5 21. f4 Bg7 22. Kf2 Be6 23. Red1 Bb3 24. Rxd8+ Rxd8 25. Ke3 e5 26. f5 Bh6+ 27. Kf3 Bd1+ 28. Be2 Bxe2+ 29.
Kxe2 Rd2+ 30. Kf3 Rxh2 31. c4 Rc2 32. Bxe5 Rxc4 33. Rd1 Kf8 34. Rd7 gxf5 35. exf5 Rxb4 36. Bf6 Rb3+ 37. Kg4 1-0

[Event "*** Titled Tuesday Blitz"]
[Site "Chess.com"]
[Date "2020.05.19"]
[Round "5"]
[White "Shivagami"]
[Black "WPWPWP-2015"]
[Result "0-1"]
[WhiteElo "2182"]
[BlackElo "2409"]
[TimeControl "180+1"]
[EndTime "12:57:03 PDT"]
[Termination "WPWPWP-2015 won by resignation"]

1. d4 Nf6 2. c4 e6 3. Nc3 Bb4 4. f3 O-O 5. a3 Bxc3+ 6. bxc3 d5 7. cxd5 exd5 8. e3 Bf5 9. Bd3 Bg6 10. Ne2 Nbd7 11.
O-O Nb6 12. Ng3 Rc8 13. e4 dxe4 14. fxe4 Qd7 15. Bg5 Ne8 16. e5 c5 17. Nf5 f6 18. exf6 Nxf6 19. dxc5 Rxc5 20. Bxf6 Rxf6 21. Nh6+ Kh8 22. Rxf6 gxf6 23. Bxg6 hxg6 24. Qxd7 Nxd7 25. Nf7+ Kg7 26. Nd6 b6 27. Re1 Ne5 28. Rc1 Nd3 29.
Rc2 f5 30. Kf1 Ne5 31. Ke2 Kf6 32. h3 Ke6 33. Ne8 Ke7 34. Ng7 Kf7 0-1

[Event "*** Titled Tuesday Blitz"]
[Site "Chess.com"]
[Date "2020.05.19"]
[Round "5"]
[White "Mikhail_Biryukov"]
[Black "2nd_life"]
[Result "0-1"]
[WhiteElo "2642"]
[BlackElo "2446"]
[TimeControl "180+1"]
[EndTime "12:57:04 PDT"]
[Termination "2nd_life won by resignation"]

1. e4 e5 2. Nf3 Nc6 3. d4 exd4 4. Nxd4 Nf6 5. Nc3 Bb4 6. Nxc6 bxc6 7. Bd3 d5 8. exd5 O-O 9. O-O cxd5 10. Bg5 c6 11. Na4 h6 12. Bh4 Re8 13. c4 Be6 14. Qc2 Bd6 15. Bg3 Bxg3 16. hxg3 Ng4 17. Be2 dxc4 18. Nc5 Qg5 19. Nxe6 Rxe6 20. Qxc4 Rxe2 21. Qxe2 Qh5 22. Qxg4 Qxg4 23. Rac1 Qa4 24. Ra1 Rd8 25. b3 Qa6 26. a4 Rb8 27. Rfe1 Rxb3 28. Re8+ Kh7 29.
Re7 Kg6 30. Rd1 Qxa4 31. Rd6+ f6 32. Rdd7 Qa1+ 33. Kh2 f5 34. Rxa7 Qb2 35. Rad7 Qf6 36. Rc7 f4 37. Re4 fxg3+ 38. fxg3 Qg5 39. Rxc6+ Kh7 0-1